 Dungeon Crawl Stone Soup version 0.20.1-1-g8b1a95d (webtiles) character file.

235 QuCean the Chopper (level 5, 0/47 HPs)
             Began as a Minotaur Fighter on Oct 11, 2017.
             Killed by divine providence
             ... invoked by an orc priest
              (16 damage)
             ... on level 4 of the Dungeon.
             The game lasted 00:12:38 (3015 turns).

QuCean the Chopper (Minotaur Fighter)               Turns: 3015, Time: 00:12:39

Health: 0/47       AC: 12    Str: 22    XL:     5   Next: 76%
Magic:  4/4        EV:  4    Int:  8    God:
Gold:   159        SH:  9    Dex:  9    Spells: 4/4 levels left

rFire    . . .     SeeInvis .   a - +1 war axe
rCold    . . .     Gourm    .   c - +0 shield
rNeg     . . .     Faith    .   e - +0 plate armour
rPois    +         Spirit   .   (helmet restricted)
rElec    .         Reflect  .   v - scarf {repulsion}
rCorr    .         Harm     .   (no gloves)
MR       .....                  (no boots)
Stlth    ..........             (no amulet)
Regen    0.2/turn               h - +3 ring of intelligence
MPRegen  0.1/turn               j - ring of poison resistance

@: repel missiles
A: retaliatory headbutt, horns 2
a: no special abilities


You were on level 4 of the Dungeon.
You were not hungry.

You visited 1 branch of the dungeon, and saw 4 of its levels.

You collected 159 gold pieces.

Inventory:

Hand Weapons
 a - a +1 war axe (weapon)
 w - a +4 quarterstaff of chaos
Armour
 b - a +0 scale mail
 c - a +0 shield (worn)
 e - a +0 plate armour (worn)
 v - a scarf of repulsion (worn)
Jewellery
 h - a +3 ring of intelligence (left hand)
 j - a ring of poison resistance (right hand)
Wands
 t - a wand of iceblast (7/15)
Scrolls
 k - a scroll of remove curse {unknown}
 l - 3 scrolls of recharging {unknown}
 o - a scroll of magic mapping {unknown}
 x - a scroll of amnesia
 y - a scroll of blinking
Potions
 d - 3 potions of might
 m - a potion of flight
 n - 2 potions of degeneration {unknown}
 p - a potion of magic {unknown}
 q - a potion of curing {unknown}
 r - a potion of haste {unknown}
 s - a potion of heal wounds {unknown}
Comestibles
 f - 5 bread rations
 g - 4 meat rations
 i - a fruit
 u - a chunk of flesh


   Skills:
 + Level 4.6 Fighting
 + Level 5.0 Axes
 + Level 5.0 Armour
 + Level 0.2 Dodging
 + Level 0.1 Stealth
 + Level 4.4 Shields


You had 4 spell levels left.
You didn't know any spells.

Dungeon Overview and Level Annotations

Branches:
Dungeon (4/15)
 Temple: D:4-7

Altars:


Innate Abilities, Weirdness & Mutations

You reflexively headbutt those who attack you in melee.
You have a pair of horns on your head.


Message History

The orc priest hits you but does no damage.
Found a stone staircase leading up.
The orc priest miscasts a cantrip.
You block the orc priest's attack.
You see here a runed long sword.
The orc wizard mumbles some strange words.
The orc wizard blinks!
Found 9 gold pieces.
The orc priest calls down the wrath of Beogh upon you.
Beogh smites you!
The orc priest calls upon Beogh to heal the orc priest.
The orc priest's wounds heal themselves!
The orc priest calls down the wrath of Beogh upon you.
Beogh smites you!
The orc priest looks braver for a moment.
The orc priest miscasts a cantrip.
The orc priest begins to cast a cantrip, but forgets the words!
The orc priest mumbles some strange prayers to Beogh against you.
Beogh smites you!
You die...

#. ...........# #.#.
#.###..........###.#.
#####......#....##..##.#.
.........##.#....#......#.
..........##.#.............
...........................
......................##.....
#.
.....#......................
##.#
..........@.........##.....
...
....................##.....
...#
...........####..#####.....
.#.# ##.##o.........## #####.
.#.# ###.#.....#####.. ..
.#.####...o........##.## #.
......o.#.#........+... #.
...##o#.#.#........###
...##.#.#.............


You could see 2 orc priests.

Vanquished Creatures
  Crazy Yiuf (D:3)
  A worker ant (D:4)
  A howler monkey zombie (D:3)
  8 adders
  An ooze (D:2)
  3 worms
  A dart slug (D:2)
  3 leopard geckos
  4 orcs (D:3)
  5 ball pythons (D:2)
  2 giant cockroaches
  8 goblins
  10 hobgoblins
  8 jackals
  11 kobolds
  7 bats
  3 frilled lizards
  3 rats (D:3)
80 creatures vanquished.

Notes
Turn   | Place    | Note
-------+----------+-------------------------------------------
     0 | D:1      | QuCean the Minotaur Fighter began the quest for the Orb.
     0 | D:1      | Reached XP level 1. HP: 19/19 MP: 0/0
    95 | D:1      | Reached XP level 2. HP: 25/27 MP: 1/1
   934 | D:2      | Reached XP level 3. HP: 32/33 MP: 2/2
  1392 | D:2      | Reached XP level 4. HP: 40/40 MP: 3/3
  1957 | D:2      | Reached XP level 5. HP: 47/47 MP: 4/4
  2385 | D:3      | Found a runed door.
  2389 | D:3      | Noticed Crazy Yiuf
  2395 | D:3      | Paralysed by Crazy Yiuf for 6 turns
  2405 | D:3      | Killed Crazy Yiuf
  2746 | D:3      | Reached skill level 5 in Armour
  2989 | D:4      | Reached skill level 5 in Axes
  3015 | D:4      | Killed from afar by an orc priest

Skill      XL: |  1  2  3  4  5 |
---------------+----------------+-----
Fighting       | 4 |  4.6
Armour         | 4 5 |  5.0
Axes           | 3 4 5 |  5.0
Shields        | 4 |  4.4
Dodging        | |  0.2
Stealth        | |  0.1

Action                   |  1- 3 |  4- 6 || total
-------------------------+-------+-------++-------
Melee: War axe           |    86 |   109 ||   195
       Headbutt          |     9 |    13 ||    22
  Use: Scroll            |     5 |     2 ||     7
  Eat: Chunk             |     2 |     3 ||     5
       Fruit             |       |     2 ||     2
Armor: Scale mail        |     3 |       ||     3
       Plate armour      |    62 |    74 ||   136
Dodge: Dodged            |    22 |    25 ||    47
Block: Shield            |    64 |    56 ||   120
